 Dungeon Crawl Stone Soup version 0.25.1-2-g60ff931df9 (webtiles) character file.

Game seed: 11377463428772709672

334 Exodus22XD the Poker (level 6, -3/47 HPs)
             Began as a Demonspawn Gladiator on Oct 31, 2020.
             Killed from afar by an orc wizard (6 damage)
             ... with a puff of frost
             ... on level 4 of the Dungeon.
             The game lasted 00:02:22 (3832 turns).

Exodus22XD the Poker (Demonspawn Gladiator)         Turns: 3832, Time: 00:02:23

Health: -3/47      AC:  4    Str: 17    XL:     6   Next: 27%
Magic:  6/6        EV: 13    Int: 15    God:
Gold:   177        SH:  0    Dex: 14    Spells: 5/5 levels left

rFire    . . .     SeeInvis .   a - +0 trident
rCold    . . .     Gourm    .   (no shield)
rNeg     . . .     Faith    .   b - +0 leather armour
rPois    .         Spirit   .   (helmet restricted)
rElec    .         Reflect  .   u - scarf {harm}
rCorr    .         Harm     +   (no gloves)
MR       .....                  r - +0 pair of boots
Stlth    +.........             (no amulet)
HPRegen  0.15/turn              n - +6 ring of intelligence
MPRegen  0.10/turn              (no ring)

@: flying
A: horns 2
a: no special abilities


You were on level 4 of the Dungeon.
You were very hungry.

You visited 1 branch of the dungeon, and saw 4 of its levels.

You collected 177 gold pieces.

Inventory:

Hand Weapons
 a - a +0 trident (weapon)
Missiles
 d - 3 throwing nets (quivered)
Armour
 b - a +0 leather armour (worn)
 r - a +0 pair of boots (worn)
 u - a scarf of harm (worn)
Jewellery
 n - a +6 ring of intelligence (left hand)
Scrolls
 c - a scroll of fog {unknown}
 g - a scroll of fear {unknown}
 k - 2 scrolls of amnesia
 l - a scroll of noise {unknown}
 m - 3 scrolls of remove curse {unknown}
 o - a scroll of magic mapping {unknown}
Potions
 e - 2 potions of magic {unknown}
 h - a potion of invisibility {unknown}
 i - a potion of cancellation {unknown}
 j - 2 potions of flight
 p - a potion of curing {unknown}
 q - a potion of heal wounds {unknown}
 s - a potion of ambrosia {unknown}
 t - a potion of degeneration {unknown}
Comestibles
 f - 6 rations


   Skills:
 + Level 3.1 Fighting
 + Level 4.8 Polearms
 - Level 1.7 Throwing
 + Level 2.4 Armour
 + Level 3.3 Dodging
 + Level 0.9 Stealth


You had 5 spell levels left.
You didn't know any spells.
Your spell library was empty.

Dungeon Overview and Level Annotations

Branches:
Dungeon (4/15)
 Temple: D:4-7

Altars:
Trog
Wu Jian
Xom


Innate Abilities, Weirdness & Mutations

You have a pair of horns on your head.


Message History

The orc hits you but does no damage. The orc barely misses you.
The orc wizard hits you with a cursed -2 dagger.
* * * LOW HITPOINT WARNING * * *
The orc wizard closely misses you.
Okay, then.
It was a potion of flight.
You feel very buoyant.
You fly up into the air.
The orc closely misses you. The orc barely misses you.
The orc wizard casts a spell at you. The puff of flame hits you.
* * * LOW HITPOINT WARNING * * *
The orc barely misses you. The adder closely misses you. The orc hits you.
* * * LOW HITPOINT WARNING * * *
The orc wizard hits you but does no damage.
As you read the scroll labeled KAESAMAFOH, it crumbles to dust.
It is a scroll of amnesia.
You feel forgetful for a moment. The orc wizard casts a spell at you.
The puff of frost hits you.
You die...

........#
.......## #....
....... .....
....... #.....
#.....# #......
##.......
##......#
##o.S...#
#.o@o..#
##.ooo.##
##...o.##
#......#
#......##
#..........
#..............
#..............
#.#............


You could see 2 orc wizards, an adder and 5 orcs.

Vanquished Creatures
  2 phantoms
  An orc wizard (D:3)
  5 adders
  An ooze (D:4)
  3 worms
  2 dart slugs
  A leopard gecko (D:1)
  6 orcs (D:3)
  8 bats
  5 giant cockroaches
  6 goblins
  4 hobgoblins
  4 jackals
  2 quokkas
  5 frilled lizards
  7 kobolds
  7 rats
69 creatures vanquished.

Notes
Turn   | Place    | Note
-------+----------+-------------------------------------------
     0 | D:1      | Exodus22XD the Demonspawn Gladiator began the quest for the
                  | Orb.
     0 | D:1      | Reached XP level 1. HP: 16/16 MP: 1/1
   226 | D:1      | Reached skill level 3 in Polearms
   226 | D:1      | Gained mutation: You have a pair of small horns on your
                  | head. [demonic ancestry]
   226 | D:1      | Reached XP level 2. HP: 21/22 MP: 2/2
   815 | D:2      | Reached XP level 3. HP: 19/27 MP: 3/3
  1507 | D:3      | Reached skill level 1 in Armour
  1769 | D:3      | Reached XP level 4. HP: 27/34 MP: 4/4
  1946 | D:3      | Noticed a phantom
  1969 | D:3      | Killed a phantom
  1969 | D:3      | Reached skill level 4 in Polearms
  1969 | D:3      | Gained mutation: You have a pair of horns on your head.
                  | [demonic ancestry]
  1969 | D:3      | Reached XP level 5. HP: 16/39 MP: 5/5
  2413 | D:3      | Found a shimmering altar of Xom.
  2605 | D:3      | Found an ornate altar of the Wu Jian Council.
  2609 | D:3      | Found a bloodstained altar of Trog.
  3478 | D:4      | Noticed a phantom
  3510 | D:4      | Killed a phantom
  3510 | D:4      | Reached XP level 6. HP: 5/47 MP: 6/6
  3832 | D:4      | Killed from afar by an orc wizard

Illustrated notes

Levels and vault maps discovered:
D:1:      mrwooster_arrival_statue_3, layout_loops_cross
D:2:      layout_basic, first_ration
D:3:      minmay_chambers_of_twos, layout_rooms, minitemple
D:4:      layout_cave_pods, serial_shops, nicolae_shop_trees

Skill      XL: |  1  2  3  4  5 |
---------------+----------------+-----
Polearms       | 3 4 |  4.8
Dodging        | 3 |  3.3
Armour         | 1 2 |  2.4
Fighting       | 3 |  3.1
Throwing       | |  1.7
Stealth        | |  0.9

Action                   |  1- 3 |  4- 6 || total
-------------------------+-------+-------++-------
Melee: Trident           |   106 |   135 ||   241
       Headbutt          |    10 |    19 ||    29
  Use: Scroll            |       |     1 ||     1
       Potion            |       |     1 ||     1
 Stab: Sleeping          |     2 |       ||     2
       Distracted        |     1 |       ||     1
  Eat: Chunk             |     2 |     6 ||     8
Armor: Leather armour    |    23 |    35 ||    58
Dodge: Dodged            |    78 |    85 ||   163
